 Dungeon Crawl Stone Soup version 0.21-a0-417-g0adc95b (webtiles) character file.

17981 arttle the Martial Artist (level 12, -20/112 HPs)
             Began as a Gnoll Transmuter on Nov 2, 2017.
             Was an Elder of Okawaru.
             Killed from afar by Yermak's ghost (36 damage)
             ... with a flame tongue
             ... on level 2 of the Lair of Beasts on Nov 3, 2017.
             The game lasted 01:15:51 (14305 turns).

arttle the Martial Artist (Gnoll Transmuter)       Turns: 14305, Time: 01:15:52

Health: -20/112    AC:  7    Str: 12    XL:     12   Next: 53%
Magic:  17/33      EV: 27    Int: 17    God:    Okawaru [****..]
Gold:   602        SH:  0    Dex: 22    Spells: 15/28 levels left

rFire    x . .     SeeInvis .     - Unarmed
rCold    + + +     Gourm    +   (shield currently unavailable)
rNeg     . . .     Faith    .   (armour currently unavailable)
rPois    +         Spirit   .   (helmet currently unavailable)
rElec    .         Reflect  .   (cloak currently unavailable)
rCorr    .         Harm     .   (gloves currently unavailable)
MR       .....                  (boots currently unavailable)
Stlth    ++++++....             s - amulet of the gourmand
HPRegen  0.28/turn              j - ring of magical power
MPRegen  0.23/turn              Q - +5 ring of evasion

@: ice-form, heroism, very slightly contaminated
A: distributed training, rugged brown scales 1, agile 1, strong nose
a: End Transformation, Heroism, Renounce Religion


You were on level 2 of the Lair of Beasts.
You worshipped Okawaru.
Okawaru was greatly pleased with you.
You were completely stuffed.
You were a creature of crystalline ice.
You visited 3 branches of the dungeon, and saw 14 of its levels.

You collected 602 gold pieces.

Inventory:

Hand Weapons
 q - a +2 quarterstaff of chaos
Missiles
 a - 282 arrows
Armour
 b - a +0 robe
 r - a +0 cloak (melded)
 z - a +2 pair of gloves of dexterity (melded)
 D - a +0 leather armour
 M - a +0 pair of gloves
 W - the +0 leather armour of Grace (melded) {rN+}
   (You found it on level 1 of the Lair of Beasts)

   It protects you from negative energy.
Jewellery
 j - a ring of magical power (left front paw)
 l - an uncursed ring of ice
 s - an amulet of the gourmand (around neck)
 A - an uncursed amulet of magic regeneration
 G - an uncursed amulet of rage
 Q - a +5 ring of evasion (right front paw)
Wands
 x - a wand of lightning (4/15)
 N - a wand of lightning (10/15)
 R - a wand of random effects (34/48)
 T - a wand of disintegration (18/24)
Scrolls
 e - 5 scrolls of remove curse
 f - 2 scrolls of fog {unknown}
 h - a scroll of immolation {unknown}
 i - 5 scrolls of amnesia {unknown}
 m - 11 scrolls of identify {unknown}
 n - 4 scrolls of teleportation {unknown}
 p - 2 scrolls of recharging {unknown}
 t - 5 scrolls of fear {unknown}
 w - 5 scrolls of random uselessness {unknown}
 y - 2 scrolls of magic mapping {unknown}
 C - 2 scrolls of silence {unknown}
 E - 2 scrolls of enchant weapon {unknown}
 I - 2 scrolls of blinking {unknown}
 U - a scroll of acquirement {unknown}
 V - a scroll of enchant armour {unknown}
Potions
 g - 7 potions of curing
 u - a potion of ambrosia {unknown}
 v - a potion of magic {unknown}
 F - a potion of resistance {unknown}
 H - a potion of brilliance {unknown}
 J - 2 potions of invisibility {unknown}
 L - a potion of might {unknown}
 O - a potion of lignification {unknown}
Books
 c - a book of Changes

   Spells                             Type                      Level
   a - Beastly Appendage              Transmutation                1
   b - Sticks to Snakes               Transmutation                2
   c - Spider Form                    Transmutation/Poison         3
   d - Ice Form                       Ice/Transmutation            4
   e - Blade Hands                    Transmutation                5
 B - a book of Conjurations

   Spells                             Type                      Level
   a - Magic Dart                     Conjuration                  1
   b - Searing Ray                    Conjuration                  2
   c - Dazzling Spray                 Conjuration/Hexes            3
   d - Fulminant Prism                Conjuration/Hexes            4
   e - Force Lance                    Conjuration/Translocation    4
   f - Iskenderun's Mystic Blast      Conjuration                  4
 P - a book of Callings

   Spells                             Type                      Level
   a - Summon Small Mammal            Summoning                    1
   b - Call Imp                       Summoning                    2
   c - Call Canine Familiar           Summoning                    3
   d - Summon Guardian Golem          Hexes/Summoning              3
   e - Summon Lightning Spire         Summoning/Air                4
   f - Summon Ice Beast               Ice/Summoning                4
Comestibles
 d - 8 bread rations
 k - 9 meat rations
 o - 8 royal jellies
 K - 23 fruits


   Skills:
 + Level 7.7(12.7) Fighting
 + Level 7.2(12.2) Short Blades
 + Level 7.2(12.2) Long Blades
 + Level 7.2(12.2) Axes
 + Level 7.2(12.2) Maces & Flails
 + Level 7.2(12.2) Polearms
 + Level 7.2(12.2) Staves
 + Level 7.2(12.2) Slings
 + Level 7.2(12.2) Bows
 + Level 7.2(12.2) Crossbows
 + Level 7.2(12.2) Throwing
 + Level 7.2(12.2) Armour
 + Level 8.7(13.7) Dodging
 + Level 7.2(12.2) Stealth
 + Level 7.2(12.2) Shields
 + Level 9.8(14.8) Unarmed Combat
 + Level 8.9 Spellcasting
 + Level 6.0 Conjurations
 + Level 6.0 Hexes
 + Level 6.0 Charms
 + Level 6.0 Summonings
 + Level 6.0 Necromancy
 + Level 6.0 Translocations
 + Level 7.2 Transmutations
 + Level 6.0 Fire Magic
 + Level 6.0 Ice Magic
 + Level 6.0 Air Magic
 + Level 6.0 Earth Magic
 + Level 6.0 Poison Magic
 + Level 8.0 Invocations
 + Level 7.2 Evocations


You had 15 spell levels left.
You knew the following spells:

 Your Spells              Type           Power        Failure   Level  Hunger
a - Beastly Appendage     Tmut           ####..       1%          1    None
b - Blade Hands           Tmut           ####......   13%         5    #####..
i - Ice Form              Ice/Tmut       ####....     6%          4    ###....
s - Spider Form           Tmut/Pois      ####......   1%          3    None


Dungeon Overview and Level Annotations

Branches:
Dungeon (11/15)            Temple (1/1) D:4            Lair (2/6) D:11
    Orc (0/2) D:11
  Swamp: Lair:2-4    Shoals: Lair:2-4     Snake: Lair:2-4    Spider: Lair:2-4

Altars:
Cheibriados
Dithmenos
Elyvilon
Fedhas
Gozag
Hepliaklqana
Kikubaaqudgha
Makhleb
Nemelex Xobeh
Okawaru
Qazlal
Sif Muna
Trog
Uskayaw
Wu Jian
Xom
Yredelemnul
Zin
The Shining One

Shops:
D:5 (

Annotations:
Lair:2 Yermak's ghost, journeyman GnSk


Innate Abilities, Weirdness & Mutations

Your experience applies equally to all skills.
((You have very sharp teeth.))
Your uncanny sense of smell can sniff out nearby items.
(You are partially covered in rugged brown scales. (AC +1, +3% HP))
You are agile. (Dex +2)


Message History

Yermak's ghost is almost destroyed.
You bump into the rock wall.
Yermak's ghost mumbles some strange words.
Space distorts along a thin shroud covering Yermak's ghost's form.
You hit Yermak's ghost but do no damage.
Yermak's ghost is almost destroyed.
Yermak's ghost casts a spell at you. The flame tongue hits you!
The fire burns you terribly!
* * * LOW HITPOINT WARNING * * *
You're too confused to move!
Yermak's ghost closely misses you.
You bump into the rock wall.
Yermak's ghost completely misses you.
You feel less confused.
You completely miss Yermak's ghost.
Yermak's ghost is almost destroyed.
Yermak's ghost completely misses you.
You barely miss Yermak's ghost.
Yermak's ghost is almost destroyed.
Yermak's ghost casts a spell at you. The flame tongue hits you!
The fire burns you terribly!
You die...

###### #P##.## #.....###
###### .......P# ##.##.######
........# ##........#P##
........# #....YW...<..#
........# ##......(..>..#
........# #............P....
........###..................
.........##...............#...
#.......###.............#.....
##.....## #.....<.....P##.....
##......# #..........P## ....
#......## ##.......).##


You could see Yermak's ghost.

Vanquished Creatures
  Josephine (D:10)
  3 hydras
  Urug (D:11)
  2 two-headed ogres
  The ghost of hairmachine the Cleaver, a novice MiEn of Uskayaw (D:6)
  An ugly thing (D:11)
  A spiny frog (Lair:1)
  A rime drake (Lair:1)
  2 komodo dragons (Lair:1)
  3 blink frogs (Lair:2)
  2 dream sheep (D:9)
  5 hippogriffs
  4 wraiths (D:10)
  9 yaks
  A basilisk (Lair:1)
  A hungry ghost (D:8)
  5 water moccasins
  6 porcupines
  Duvessa (D:5)
  4 orc warriors
  3 ice beasts
  2 sky beasts
  5 ogres
  2 necrophages
  A phantom (D:4)
  4 black bears
  4 wolves (Lair:1)
  5 crocodiles
  5 centaurs
  5 big kobolds
  11 bullfrogs
  Dowan (D:5)
  3 scorpions
  4 killer bees (D:10)
  A water moccasin skeleton (D:8)
  3 wights (D:6)
  2 howler monkeys
  7 crimson imps
  A bullfrog zombie (D:9)
  3 hounds
  A centaur skeleton (D:6)
  6 orc priests
  A jelly (D:9)
  8 orc wizards
  2 bullfrog skeletons (D:9)
  Crazy Yiuf (D:2)
  3 iguanas
  8 worker ants
  A hound skeleton (D:10)
  A worker ant zombie (D:10)
  10 adders
  12 gnolls
  2 shadow imps
  An ooze (D:2)
  An adder skeleton (D:8)
  2 adder zombies
  3 worms
  2 dart slugs
  6 leopard geckos
  35 orcs
  7 giant cockroaches
  5 goblins
  7 hobgoblins
  2 jackals (D:2)
  7 quokkas
  A ball python (D:2)
  11 bats
  3 frilled lizards
  A jackal skeleton (D:5)
  16 kobolds
  A leopard gecko skeleton (D:6)
  7 rats
300 creatures vanquished.

Vanquished Creatures (others)
  4 fungi (D:11)
  A plant (D:11)
5 creatures vanquished.

Grand Total: 305 creatures vanquished

Notes
Turn   | Place    | Note
-------+----------+-------------------------------------------
     0 | D:1      | arttle the Gnoll Transmuter began the quest for the Orb.
     0 | D:1      | Reached XP level 1. HP: 17/17 MP: 6/6
   221 | D:1      | Reached XP level 2. HP: 21/23 MP: 7/7
   779 | D:2      | Reached XP level 3. HP: 27/28 MP: 9/9
   780 | D:2      | Reached skill level 5 in Spellcasting
   903 | D:2      | Reached skill level 1 in Invocations
  1007 | D:2      | Reached skill level 1 in Short Blades
  1007 | D:2      | Reached skill level 1 in Long Blades
  1007 | D:2      | Reached skill level 1 in Axes
  1007 | D:2      | Reached skill level 1 in Maces & Flails
  1007 | D:2      | Reached skill level 1 in Polearms
  1007 | D:2      | Reached skill level 1 in Staves
  1007 | D:2      | Reached skill level 1 in Slings
  1007 | D:2      | Reached skill level 1 in Bows
  1007 | D:2      | Reached skill level 1 in Crossbows
  1007 | D:2      | Reached skill level 1 in Throwing
  1007 | D:2      | Reached skill level 1 in Armour
  1007 | D:2      | Reached skill level 1 in Stealth
  1007 | D:2      | Reached skill level 1 in Shields
  1007 | D:2      | Reached skill level 1 in Evocations
  1119 | D:2      | Reached XP level 4. HP: 34/34 MP: 9/11
  1139 | D:2      | Learned a level 3 spell: Spider Form
  1333 | D:2      | Found a blossoming altar of Fedhas.
  1354 | D:2      | Found an ornate altar of the Wu Jian Council.
  1367 | D:2      | Found a runed door.
  1372 | D:2      | Noticed Crazy Yiuf
  1377 | D:2      | Killed Crazy Yiuf
  1377 | D:2      | Reached skill level 1 in Conjurations
  1377 | D:2      | Reached skill level 1 in Hexes
  1377 | D:2      | Reached skill level 1 in Charms
  1377 | D:2      | Reached skill level 1 in Summonings
  1377 | D:2      | Reached skill level 1 in Necromancy
  1377 | D:2      | Reached skill level 1 in Translocations
  1377 | D:2      | Reached skill level 1 in Fire Magic
  1377 | D:2      | Reached skill level 1 in Ice Magic
  1377 | D:2      | Reached skill level 1 in Air Magic
  1377 | D:2      | Reached skill level 1 in Earth Magic
  1377 | D:2      | Reached skill level 1 in Poison Magic
  1753 | D:3      | Reached XP level 5. HP: 40/40 MP: 8/12
  1875 | D:3      | Found a snail-covered altar of Cheibriados.
  2043 | D:3      | Found a stormy altar of Qazlal.
  2234 | D:3      | Found a burning altar of Makhleb.
  2554 | D:3      | Found a stormy altar of Qazlal.
  2671 | D:4      | Reached XP level 6. HP: 47/47 MP: 10/13
  2684 | D:4      | Noticed a phantom
  2717 | D:4      | Killed a phantom
  2717 | D:4      | Reached skill level 5 in Dodging
  2781 | D:4      | Found a staircase to the Ecumenical Temple.
  2796 | Temple   | Entered the Ecumenical Temple
  2800 | Temple   | Became a worshipper of Warmaster Okawaru
  2811 | D:4      | Noticed a sky beast
  2821 | D:4      | Killed a sky beast
  2824 | D:4      | Reached XP level 7. HP: 42/52 MP: 12/15
  3056 | D:4      | Reached skill level 7 in Unarmed Combat
  3298 | D:5      | Entered Level 5 of the Dungeon
  3335 | D:5      | Reached * piety under Okawaru
  3663 | D:5      | Learned a level 4 spell: Ice Form
  3669 | D:5      | Learned a level 5 spell: Blade Hands
  3690 | D:5      | Noticed Duvessa
  3692 | D:5      | Noticed Dowan
  3704 | D:5      | Killed Duvessa
  3713 | D:5      | Killed Dowan
  3713 | D:5      | Reached XP level 8. HP: 49/60 MP: 12/16
  3871 | D:5      | Found Coxenise's Weapon Shop.
  4294 | D:5      | Found a glowing golden altar of the Shining One.
  4452 | D:5      | Found an opulent altar of Gozag.
  4818 | D:6      | Reached ** piety under Okawaru
  4863 | D:6      | Upgraded the game from 0.21-a0-414-gba8bdf1 to 0.21-a0-417-g0adc95b
  5559 | D:6      | Found a sparkling altar of Nemelex Xobeh.
  5570 | D:6      | Noticed hairmachine's ghost (novice MiEn)
  5592 | D:6      | Gained mutation: You are agile. (Dex +2) [potion of mutation]
  5592 | D:6      | Gained mutation: You are partially covered in rugged brown scales. (AC +1, +3% HP) [potion of mutation]
  5606 | D:6      | Killed hairmachine's ghost
  5606 | D:6      | Reached skill level 5 in Transmutations
  5606 | D:6      | Reached XP level 9. HP: 31/69 MP: 15/18
  5807 | D:6      | Found a white marble altar of Elyvilon.
  6277 | D:6      | Reached *** piety under Okawaru
  6375 | D:7      | Reached skill level 5 in Fighting
  6758 | D:7      | Noticed a two-headed ogre
  6768 | D:7      | Killed a two-headed ogre
  6768 | D:7      | Reached skill level 8 in Unarmed Combat
  6768 | D:7      | Reached skill level 5 in Invocations
  7267 | D:8      | Reached XP level 10. HP: 75/75 MP: 20/20
  7278 | D:8      | Reached **** piety under Okawaru
  7541 | D:8      | Found a glowing silver altar of Zin.
  7541 | D:8      | Found a glowing golden altar of the Shining One.
  7542 | D:8      | Found a white marble altar of Elyvilon.
  7568 | D:8      | Reached skill level 5 in Short Blades
  7568 | D:8      | Reached skill level 5 in Long Blades
  7568 | D:8      | Reached skill level 5 in Axes
  7568 | D:8      | Reached skill level 5 in Maces & Flails
  7568 | D:8      | Reached skill level 5 in Polearms
  7568 | D:8      | Reached skill level 5 in Staves
  7568 | D:8      | Reached skill level 5 in Slings
  7568 | D:8      | Reached skill level 5 in Bows
  7568 | D:8      | Reached skill level 5 in Crossbows
  7568 | D:8      | Reached skill level 5 in Throwing
  7568 | D:8      | Reached skill level 5 in Armour
  7568 | D:8      | Reached skill level 5 in Stealth
  7568 | D:8      | Reached skill level 5 in Shields
  7568 | D:8      | Reached skill level 5 in Evocations
  7715 | D:8      | Received a gift from Okawaru
  8293 | D:9      | Noticed a two-headed ogre
  8303 | D:9      | Killed a two-headed ogre
  8587 | D:8      | Reached ***** piety under Okawaru
  8878 | D:9      | Found a bloodstained altar of Trog.
  8987 | D:9      | Reached XP level 11. HP: 83/83 MP: 22/22
  9086 | D:9      | Noticed a two-headed hydra
  9099 | D:9      | Killed a two-headed hydra
  9162 | D:9      | Reached skill level 9 in Unarmed Combat
  9690 | D:10     | Entered Level 10 of the Dungeon
  9770 | D:10     | Reached skill level 5 in Conjurations
  9770 | D:10     | Reached skill level 5 in Hexes
  9770 | D:10     | Reached skill level 5 in Charms
  9770 | D:10     | Reached skill level 5 in Summonings
  9770 | D:10     | Reached skill level 5 in Necromancy
  9770 | D:10     | Reached skill level 5 in Translocations
  9770 | D:10     | Reached skill level 5 in Fire Magic
  9770 | D:10     | Reached skill level 5 in Ice Magic
  9770 | D:10     | Reached skill level 5 in Air Magic
  9770 | D:10     | Reached skill level 5 in Earth Magic
  9770 | D:10     | Reached skill level 5 in Poison Magic
  9794 | D:10     | Noticed Josephine
  9834 | D:10     | Received a gift from Okawaru
  9837 | D:10     | Killed Josephine
 11218 | D:11     | Found a staircase to the Lair.
 11226 | D:11     | Noticed a green ugly thing
 11239 | D:11     | Killed a green ugly thing
 11345 | D:11     | Noticed Urug
 11715 | D:11     | Found a staircase to the Orcish Mines.
 11809 | D:11     | Killed Urug
 11809 | D:11     | Received a gift from Okawaru
 12074 | Lair:1   | Entered Level 1 of the Lair of Beasts
 12149 | Lair:1   | Reached XP level 12. HP: 93/93 MP: 24/24
 12170 | Lair:1   | Received a gift from Okawaru
 12171 | Lair:1   | Got a transparent bardiche {god gift}
 12452 | Lair:1   | Noticed a six-headed hydra
 12465 | Lair:1   | Killed a six-headed hydra
 12674 | Lair:1   | Noticed a five-headed hydra
 12684 | Lair:1   | Killed a five-headed hydra
 13071 | Lair:1   | Got a slimy leather armour
 13091 | Lair:1   | Identified the cursed +0 leather armour of Grace {rN+} (You found it on level 1 of the Lair of Beasts)
 14208 | Lair:2   | Noticed Yermak's ghost (journeyman GnSk)
 14305 | Lair:2   | Killed from afar by Yermak's ghost

Vault maps used:
D:1:      lemuel_arrival_rhombus
D:2:      overflow_temple_1_default, fedhas_altar_1, uniq_crazy_yiuf_cottage
D:3:      nicolae_overflow_crystal_walls, lightli_temple_of_fire,
          grunt_qazlal_clouds, minmay_stone_trees_small, kennysheep_flooded_box,
          minmay_misc_feat_nine_boxes
D:4:      minmay_temple_entry_statues_fountains, first_bread
D:5:      overflow_temple_1_default, serial_shops, kennysheep_mini_moat,
          nicolae_tso_carved_into_rock, uniq_duvessa
D:6:      nemelex_xobeh_ov_fountains_minmay, elyvilon_altar_5
D:8:      good_gods_mini_temple
D:9:      bloody_trog, hangedman_ranch, kennysheep_generic_room_3
D:10:     grunt_decor_arrowhead, uniq_josephine
D:11:     due_lair_maze_entry_diamond, orc_0_dummy, uniq_urug
Temple:   nicolae_temple_x_marks_the_god
Lair:1:   grunt_megastairs_1, serial_bayou_shore_a, lemuel_fruit_tree

Skill      XL: |  1  2  3  4  5  6  7  8  9 10 11 12 |
---------------+-------------------------------------+-----
Spellcasting   | 5 6 7 8 |  8.9
Invocations    | 1 2 3 4 5 6 7 8 |  8.0
Short Blades   | 1 2 4 5 6 7 |  7.2
Long Blades    | 1 2 4 5 6 7 |  7.2
Axes           | 1 2 4 5 6 7 |  7.2
Maces & Flails | 1 2 4 5 6 7 |  7.2
Polearms       | 1 2 4 5 6 7 |  7.2
Staves         | 1 2 4 5 6 7 |  7.2
Slings         | 1 2 4 5 6 7 |  7.2
Bows           | 1 2 4 5 6 7 |  7.2
Crossbows      | 1 2 4 5 6 7 |  7.2
Throwing       | 1 2 4 5 6 7 |  7.2
Armour         | 1 2 4 5 6 7 |  7.2
Stealth        | 1 2 4 5 6 7 |  7.2
Shields        | 1 2 4 5 6 7 |  7.2
Evocations     | 1 2 4 5 6 7 |  7.2
Conjurations   | 1 2 3 4 5 6 |  6.0
Hexes          | 1 2 3 4 5 6 |  6.0
Charms         | 1 2 3 4 5 6 |  6.0
Summonings     | 1 2 3 4 5 6 |  6.0
Necromancy     | 1 2 3 4 5 6 |  6.0
Translocations | 1 2 3 4 5 6 |  6.0
Fire Magic     | 1 2 3 4 5 6 |  6.0
Ice Magic      | 1 2 3 4 5 6 |  6.0
Air Magic      | 1 2 3 4 5 6 |  6.0
Earth Magic    | 1 2 3 4 5 6 |  6.0
Poison Magic   | 1 2 3 4 5 6 |  6.0
Fighting       | 3 4 5 6 7 |  7.7
Transmutations | 4 5 6 7 |  7.2
Dodging        | 5 6 7 8 |  8.7
Unarmed Combat | 7 8 9 |  9.8

Action                   |  1- 3 |  4- 6 |  7- 9 | 10-12 || total
-------------------------+-------+-------+-------+-------++-------
Melee: Unarmed           |    63 |   127 |   250 |   633 ||  1073
       Bite              |     5 |     1 |     3 |    14 ||    23
       Headbutt          |    10 |       |     2 |    16 ||    28
       Kick              |     1 |       |     1 |    20 ||    22
       Punch             |       |       |       |     4 ||     4
 Cast: Beastly Appendage |    12 |       |     3 |    15 ||    30
       Spider Form       |       |    32 |    39 |    38 ||   109
       Ice Form          |       |       |       |    11 ||    11
Invok: Heroism           |       |       |       |    15 ||    15
       Finesse           |       |       |       |     3 ||     3
  Use: Potion            |     3 |       |     4 |     1 ||     8
       Scroll            |       |       |     1 |     1 ||     2
 Stab: Sleeping          |     1 |     5 |     4 |    12 ||    22
  Eat: Chunk             |     1 |     7 |    19 |    39 ||    66
       Fruit             |       |       |     1 |       ||     1
Armor: Robe              |     3 |     3 |       |       ||     6
       Skin              |       |     8 |     5 |    23 ||    36
       Leather armour    |       |       |     2 |    16 ||    18
Dodge: Dodged            |    48 |   101 |   193 |   505 ||   847

Table legend:
 A = Spawn XP
 B = Non-spawn XP
 C = Spawn XP percentage of total XP
 D = Spawn monster count
 E = Non-spawn monster count
 F = Spawn count percentage of total count
 G = Total turns spent on level
                    A         B        C        D         E        F      G
               +---------+---------+-------+---------+---------+-------+---------
         Total |       0 |   25688 |   0.0 |       0 |     300 |   0.0 | 14305
               +---------+---------+-------+---------+---------+-------+---------
           D:1 |       0 |      16 |   0.0 |       0 |       9 |   0.0 |   765
           D:2 |       0 |     143 |   0.0 |       0 |      32 |   0.0 |   980
           D:3 |       0 |     149 |   0.0 |       0 |      29 |   0.0 |   916
           D:4 |       0 |     517 |   0.0 |       0 |      12 |   0.0 |   821
           D:5 |       0 |     811 |   0.0 |       0 |      24 |   0.0 |  1565
           D:6 |       0 |    1664 |   0.0 |       0 |      34 |   0.0 |  1312
           D:7 |       0 |    1319 |   0.0 |       0 |       6 |   0.0 |   881
           D:8 |       0 |    2567 |   0.0 |       0 |      38 |   0.0 |  1202
           D:9 |       0 |    4129 |   0.0 |       0 |      33 |   0.0 |  1239
          D:10 |       0 |    3581 |   0.0 |       0 |      35 |   0.0 |  1222
          D:11 |       0 |    2561 |   0.0 |       0 |      14 |   0.0 |  1162
        Lair:1 |       0 |    6213 |   0.0 |       0 |      24 |   0.0 |  1787
        Lair:2 |       0 |    2018 |   0.0 |       0 |      10 |   0.0 |   444
               +---------+---------+-------+---------+---------+-------+---------
